AoeStats
← Mandingo

Arena

509920818Analyzed
4v4 RM · 2d ago on Sep 28, 2026· 56m 11s· 8 players
Game mode
Random Map
Map size
Large (8 player)
Population
200
Speed
Normal
Resources
Standard
Victory
Conquest
Starting age
Dark Age
Ending age
Imperial Age
RankedLock teamsTeams togetherTeam positionsShared explorationLock speedFull tech treeHidden civsTurbo modeCheats
Victory
Defeat
🇫🇷 Mongols · France
1318
+10
🇭🇰 Chinese · Hong Kong SAR China
1312
+11
🇨🇦 Khmer · Canada
1304
+11
🇨🇦 Bengalis · Canada
1160
+16
🇪🇸 Wei · Spain
1217
-13
🇸🇪 Danes · Sweden
1213
-13
🇮🇹 Bohemians · Italy
1190
-12
🇬🇧 Britons · United Kingdom
1130
-10
Gustavus Adolphus
9:59 Feudal Age
10:53 Loom
13:48 Castle Age
12:27 Double-Bit Axe
13:17 Horse Collar
20:49 Arson
26:11 Gambesons
31:19 Imperial Age
37:24 Bow Saw
41:44 Wheelbarrow
43:06 Hand Cart
47:30 Fletching
47:37 Heavy Mounted Crossbowman
48:47 Bodkin Arrow
49:26 Cranequins
51:07 Bracer
51:31 Ballistics
51:19 Husbandry
52:50 Chemistry
52:14 Padded Archer Armor
52:39 Bloodlines
53:54 Thumb Ring
TheScRider
10:45 Feudal Age
14:44 Castle Age
14:48 Horse Collar
14:56 Double-Bit Axe
23:09 Loom
25:56 Imperial Age
25:12 Chemistry
25:30 Fletching
25:41 Padded Archer Armor
25:55 Elite Skirmisher
26:52 Bodkin Arrow
29:22 Bracer
30:27 Leather Archer Armor
33:04 Siege Engineers
33:53 Fortified Wall
34:37 Bow Saw
35:39 Conscription
36:57 Ballistics
38:24 Ring Archer Armor
37:39 Pikeman
39:18 Scale Mail Armor
39:28 Forging
43:59 Two-Man Saw
43:35 Wheelbarrow
43:11 Houfnice
TdB.Espisao
10:16 Feudal Age
15:04 Castle Age
13:35 Double-Bit Axe
14:47 Scale Barding Armor
14:41 Loom
17:13 Bloodlines
23:04 Wheelbarrow
23:58 Forging
28:53 Bow Saw
28:30 Horse Collar
35:06 Imperial Age
33:21 Chain Barding Armor
33:26 Heavy Plow
34:28 Light Cavalry
37:27 Conscription
37:04 Heavy Hei Guang Cavalry
37:45 Husbandry
38:29 Tuntian
38:27 Gold Mining
38:27 Stone Mining
39:40 Crop Rotation
39:57 Ming Guang Armor
42:09 Town Watch
43:12 Iron Casting
46:16 Fletching
47:33 Blast Furnace
46:26 Fletching
56:16 Gold Shaft Mining
56:16 Stone Shaft Mining
Farrix
12:34 Feudal Age
14:48 Loom
15:10 Fletching
17:43 Double-Bit Axe
18:40 Wheelbarrow
22:01 Scale Mail Armor
23:05 Forging
29:05 Castle Age
28:38 Padded Archer Armor
29:40 Bodkin Arrow
29:09 Crossbowman
31:24 Pikeman
34:07 Leather Archer Armor
36:06 Ballistics
39:57 Imperial Age
37:43 Hand Cart
39:09 Bow Saw
40:38 Arbalester
42:15 Bracer
43:28 Squires
45:20 Illumination
46:43 Halberdier
48:01 Fervor
49:30 Chemistry
50:30 Fortified Wall
51:45 Chain Mail Armor
52:28 Horse Collar
53:52 Two-Man Saw
52:41 Town Watch
52:46 Onager
FloDlaMuerte
9:57 Feudal Age
10:42 Double-Bit Axe
13:45 Castle Age
14:48 Wheelbarrow
14:50 Bow Saw
21:33 Stone Mining
23:07 Horse Collar
24:05 Fletching
25:17 Loom
27:07 Bodkin Arrow
29:36 Scale Barding Armor
30:17 Gold Mining
32:19 Chain Barding Armor
32:39 Hand Cart
32:56 Padded Archer Armor
35:37 Imperial Age
35:05 Thumb Ring
35:38 Ballistics
35:20 Husbandry
36:12 Bloodlines
35:43 Elite Mangudai
35:55 Capped Ram
37:09 Heavy Plow
37:32 Conscription
38:33 Drill
38:10 Onager
39:48 Siege Onager
40:46 Siege Onager
42:45 Siege Ram
49:20 Chemistry
Mandingo
9:26 Feudal Age
10:41 Man-at-Arms
11:36 Double-Bit Axe
14:37 Fletching
15:21 Padded Archer Armor
15:20 Loom
16:48 Wheelbarrow
22:06 Scale Mail Armor
25:17 Forging
30:07 Castle Age
28:22 Gold Mining
29:06 Padded Archer Armor
29:12 Scale Barding Armor
STEALTH
12:35 Feudal Age
15:28 Castle Age
13:16 Double-Bit Axe
15:43 Horse Collar
16:25 Bow Saw
16:47 Loom
18:23 Scale Barding Armor
19:35 Forging
25:02 Wheelbarrow
26:09 Wheelbarrow
25:34 Gold Mining
26:32 Town Watch
27:59 Stone Mining
31:33 Imperial Age
32:23 Hand Cart
32:50 Ballistics
32:27 Murder Holes
34:20 Chain Barding Armor
34:36 Iron Casting
34:18 Heavy Plow
35:05 Husbandry
35:18 Bloodlines
35:29 Fortified Wall
35:56 Plate Barding Armor
35:48 Tusk Swords
37:23 Blast Furnace
36:44 Elite Battle Elephant
38:16 Light Cavalry
39:52 Gold Shaft Mining
40:09 Conscription
41:03 Stone Shaft Mining
41:02 Crop Rotation
40:28 Elite Ballista Elephant
42:11 Chemistry
40:47 Hussar
43:42 Double Crossbow
44:18 Hoardings
44:15 Town Patrol
47:52 Ballistics
47:38 Siege Engineers
47:34 Fletching
47:44 Padded Archer Armor
49:23 Sappers
50:13 Bodkin Arrow
50:33 Leather Archer Armor
51:33 Capped Ram
52:34 Siege Ram
55:18 Redemption
55:19 Fervor
55:35 Illumination
55:05 Herbal Medicine
55:21 Heavy Scorpion
50232516
1:02 Loom
11:35 Feudal Age
12:14 Double-Bit Axe
15:41 Castle Age
17:36 Town Watch
17:43 Fletching
21:23 Bodkin Arrow
23:30 Padded Archer Armor
25:19 Leather Archer Armor
27:50 Wheelbarrow
29:16 Gold Mining
32:32 Squires
36:16 Imperial Age
36:42 Bow Saw
36:29 Arson
37:09 Scale Mail Armor
37:19 Forging
37:51 Elite Fire Lancer
39:56 Conscription
41:02 Hand Cart
42:25 Chain Mail Armor
44:50 Iron Casting
44:45 Plate Mail Armor
47:50 Horse Collar
49:13 Two-Man Saw
49:55 Blast Furnace
50:13 Gold Shaft Mining
49:29 Stone Mining
50:42 Bracer
51:12 Ring Archer Armor
Connection lost

Rejoining the realm…

Still unreachable

The connection could not be restored.

Session expired

The server has moved on; the page needs a fresh start.